 Dungeon Crawl Stone Soup version 0.20-a0-432-g25cc1b4 (webtiles) character file.

2506 Karnivor the Fighter (level 9, 0/62 HPs)
             Began as a Gargoyle Fighter on Jan 2, 2017.
             Was an Initiate of the Shining One.
             Slain by an ogre
             ... wielding a +0 giant club
              (11 damage)
             ... on level 7 of the Dungeon.
             The game lasted 00:21:17 (5862 turns).

Karnivor the Fighter (Gargoyle Fighter)             Turns: 5862, Time: 00:21:17

Health: 0/62       AC: 17    Str: 22    XL:     9   Next: 53%
Magic:  10/10      EV:  6    Int: 10    God:    the Shining One [......]
Gold:   334        SH:  9    Dex:  9    Spells: 8/8 levels left

rFire  . . .     SeeInvis .     a - +0 flail
rCold  . . .     Gourm    .     u - +0 chain mail
rNeg   + . .     Faith    .     c - +0 shield
rPois  ∞         Spirit   .     q - +0 helmet
rElec  +         Reflect  .     (no cloak)
rCorr  .         Harm     .     e - +0 pair of gloves
MR     .....                    (no boots)
Stlth  ..........               (no amulet)
                                (no ring)
                                (no ring)

@: glowing
A: negative energy resistance 1, electricity resistance, unbreathing,
petrification resistance, rot immunity, AC +5
a: Renounce Religion


You were on level 7 of the Dungeon.
You worshipped the Shining One.
The Shining One was noncommittal.
You were not hungry.

You visited 2 branches of the dungeon, and saw 8 of its levels.

You collected 334 gold pieces.

Inventory:

Hand Weapons
 a - a +0 flail (weapon)
 w - a +1 whip of flaming
 D - the +8 autumn katana {slice, Clar}
   (You found it on level 6 of the Dungeon)

   It inflicts extra damage upon your enemies.
   It protects you against confusion.
Armour
 c - a +0 shield (worn)
 e - a +0 pair of gloves (worn)
 q - a +0 helmet (worn)
 u - a +0 chain mail (worn)
Scrolls
 b - 2 scrolls of enchant weapon
 i - 2 scrolls of fog
 k - 3 scrolls of teleportation
 n - 5 scrolls of remove curse
Potions
 d - a potion of might
 g - 3 potions of mutation
 h - 3 potions of lignification
 j - a potion of haste
 l - 2 potions of agility
 m - a potion of flight
 o - a potion of beneficial mutation
 r - 4 potions of curing
 s - a potion of heal wounds {unknown}
Comestibles
 f - 6 bread rations
 p - 3 slices of pizza
 t - 5 chunks of flesh
 v - a meat ration
 B - a beef jerky


   Skills:
 * Level 9.8 Fighting
 + Level 0.3 Long Blades
 * Level 8.4 Maces & Flails
 * Level 4.0 Armour
 * Level 1.3 Dodging
 * Level 4.1 Shields
 * Level 2.5 Invocations


You had 8 spell levels left.
You didn't know any spells.

Dungeon Overview and Level Annotations

Branches:
Dungeon (7/15)             Temple (1/1) D:6

Altars:
Ashenzari
Cheibriados
Dithmenos
Elyvilon
Fedhas
Gozag
Hepliaklqana
Kikubaaqudgha
Nemelex Xobeh
Qazlal
Ru
Sif Muna
Uskayaw
Vehumet
Yredelemnul
Zin
The Shining One

Annotations:
D:7 Prince Ribbit


Innate Abilities, Weirdness & Mutations

You are resistant to torment.
Your stone body is resilient. (AC +5)
You are immune to poison.
You resist negative energy. (rN+)
You are resistant to electric shocks. (rElec)
You can survive without breathing.
You are immune to petrification.
You are immune to rotting.


Message History

The hippogriff barely misses you.
The hippogriff bites you but does no damage.
The hippogriff pecks you but does no damage.
The hippogriff claws you but does no damage.
You sock the hippogriff!
You kill the hippogriff!
Your Armour skill increases to level 4!
Your Shields skill increases to level 4!
Prince Ribbit blinks!
Your shield and chain mail prevent you from hitting the ogre.
The ogre hits you with a giant club!
* * * LOW HITPOINT WARNING * * *
Your shield and chain mail prevent you from hitting the ogre.
The ogre hits you with a giant club.
* * * LOW HITPOINT WARNING * * *
Prince Ribbit lets out a mournful croak.
You sock the ogre!
The ogre is moderately wounded.
The ogre hits you with a giant club!
You die...

########## #######
##...................# .
...######......#.....#..
........+...............>....#
##.######......#...........#.#
##.#....#......#...........#.#
...#...........#...........#.#
...#...........#@....#.......#
....###.......FO#+#..........#
..#.###.........# ..........#
................#
.......÷######
.......####[....#
.......<.....#
#......####.....#
#.......####.#
#........!..#.### #.......#
#####.......#+#. #.......#
................. ..#......


You could see Prince Ribbit and an ogre.

Vanquished Creatures
  Pikel (D:4)
  A hippogriff (D:7)
  Duvessa (D:6)
  2 sky beasts
  6 ogres
  2 phantoms
  A centaur (D:6)
  Dowan (D:6)
  2 scorpions (D:4)
  A howler monkey (D:6)
  4 crimson imps
  A bullfrog zombie (D:6)
  A hound (D:6)
  An iguana (D:6)
  4 worker ants
  2 orc wizards
  2 hound skeletons (D:6)
  A howler monkey zombie (D:6)
  7 gnolls
  9 adders
  An adder zombie (D:5)
  3 worms
  5 dart slugs
  6 leopard geckos
  14 orcs
  7 bats
  2 giant cockroaches
  4 hobgoblins
  10 jackals
  3 quokkas
  A ball python (D:4)
  5 frilled lizards
  7 goblins
  2 kobolds
  A leopard gecko skeleton (D:6)
  6 rats
127 creatures vanquished.

Notes
Turn   | Place    | Note
-------+----------+-------------------------------------------
     0 | D:1      | Karnivor the Gargoyle Fighter began the quest for the Orb.
     0 | D:1      | Reached XP level 1. HP: 14/14 MP: 1/1
   147 | D:1      | Reached XP level 2. HP: 15/19 MP: 2/2
   374 | D:1      | Reached skill level 4 in Fighting
   383 | D:1      | Reached XP level 3. HP: 23/24 MP: 3/3
   614 | D:2      | Found a faded altar of an unknown god.
   948 | D:2      | Reached XP level 4. HP: 19/30 MP: 4/4
  1109 | D:2      | Found a deep blue altar of Sif Muna.
  1974 | D:3      | Found an opulent altar of Gozag.
  2130 | D:3      | Reached XP level 5. HP: 32/34 MP: 5/5
  2140 | D:3      | Reached skill level 5 in Fighting
  2451 | D:4      | Reached XP level 6. HP: 24/41 MP: 6/6
  2655 | D:4      | Reached skill level 6 in Fighting
  2969 | D:4      | Noticed a slave
  2970 | D:4      | Noticed a slave
  2970 | D:4      | Noticed Pikel
  2970 | D:4      | Noticed a slave
  3006 | D:4      | Noticed a slave
  3013 | D:4      | Paralysed by Pikel for 5 turns
  3039 | D:4      | Killed Pikel
  3039 | D:4      | Reached skill level 7 in Fighting
  3039 | D:4      | Reached XP level 7. HP: 43/48 MP: 7/7
  3278 | D:4      | Reached XP level 8. HP: 52/54 MP: 8/8
  3364 | D:4      | Noticed an angel
  3365 | D:4      | Found a glowing silver altar of Zin.
  3615 | D:5      | Entered Level 5 of the Dungeon
  3766 | D:5      | Reached skill level 8 in Fighting
  4547 | D:6      | Reached skill level 9 in Fighting
  4713 | D:6      | Found a staircase to the Ecumenical Temple.
  4745 | Temple   | Entered the Ecumenical Temple
  4818 | Temple   | Became a worshipper of the Shining One
  4852 | D:6      | Reached XP level 9. HP: 61/61 MP: 9/9
  4864 | D:6      | Noticed Duvessa
  4865 | D:6      | Noticed Dowan
  4881 | D:6      | Killed Duvessa
  4889 | D:6      | Killed Dowan
  4889 | D:6      | Reached skill level 1 in Invocations
  5249 | D:6      | Reached skill level 1 in Dodging
  5837 | D:7      | Noticed Prince Ribbit
  5862 | D:7      | Slain by an ogre

Vault maps used:
D:1:      matt_arrival_spirals
D:2:      overflow_temple_1_default, chequers_ecumenical_altar_simple_redux
D:3:      first_bread, nicolae_gozag_seed_capital
D:4:      zin_angel, uniq_pikel
D:5:      dk_rats_in_the_wall
D:6:      uniq_duvessa
D:7:      uniq_prince_ribbit1
Temple:   nicolae_temple_elliptical

Skill      XL: |  1  2  3  4  5  6  7  8  9 |
---------------+----------------------------+-----
Fighting       | 4 5 7 9 |  9.8
Maces & Flails | 3 4 6 8 |  8.4
Invocations    | 2 |  2.5
Dodging        | 1 |  1.3
Armour         | 4 |  4.0
Shields        | 4 |  4.1
Long Blades    | |  0.3

Action                   |  1- 3 |  4- 6 |  7- 9 || total
-------------------------+-------+-------+-------++-------
Melee: Flail             |    86 |   263 |   354 ||   703
  Use: Scroll            |     4 |     8 |     6 ||    18
  Eat: Chunk             |       |     7 |    10 ||    17
Armor: Scale mail        |    49 |   101 |       ||   150
       Chain mail        |       |    52 |   255 ||   307
Dodge: Dodged            |    23 |    97 |    66 ||   186
Block: Shield            |    48 |   135 |   146 ||   329
